Map: Blueshift LE

Players

Guru

  • Race: Zerg Zerg
  • League: Master
  • Spawn Location: 7:00

Lambo - Winner!

  • Race: Zerg Zerg
  • League: Grandmaster
  • Spawn Location: 1:00

VOD

Have the link to the VOD?

Description

Time

  • Played on: Jan. 15, 2019, 4:03 p.m.
  • Length: 7:36
Show
View Real Time Build Order
Export as new Build Order

Guru Zerg 

Build Orders: Hatch First 

Get SALT Encoding   

  12  0:01  Drone  
  13  0:13  Overlord  
  13  0:16  Drone  
  14  0:31  Drone x2  
  14  0:35  Drone  
  17  0:52  Hatchery  
  17  0:54  Drone  
  17  1:08  Spawning Pool  
  17  1:10  Extractor  
  15  1:12  Drone  
  15  1:15  Drone  
  17  1:20  Drone  
  18  1:28  Drone  
  19  1:41  Drone  
  20  1:54  Queen  
  22  2:04  Queen  
  22  2:05  Drone x2  
  26  2:10  Metabolic Boost  
  26  2:11  Overlord  
  26  2:12  Drone  
  26  2:15  Drone  
  28  2:30  Queen  
  28  2:31  Drone  
  28  2:36  Drone  
  32  2:37  Drone  
  32  2:39  Drone, Queen  
  36  2:45  Overlord  
  36  3:01  Evolution Chamber  
  36  3:05  Drone x3  
  36  3:06  Drone x3  
  41  3:13  Drone  
  41  3:14  Drone x2  
  44  3:20  Evolution Chamber  
  44  3:21  Overlord  
  44  3:25  Drone  
  45  3:27  Evolution Chamber  
  45  3:28  Zerg Ground Armor Level 1  
  45  3:31  Overlord  
  44  3:41  Zergling x6  
  46  3:42  Evolution Chamber  
  46  3:43  Zergling x2  
  46  3:44  Zergling x4  
  46  3:46  Zergling x2  
  46  3:47  Zergling x2  
  50  3:52  Zergling x2  
  49  3:56  Zergling x2  
  50  4:03  Queen  
  50  4:06  Zerg Melee Weapons Level 1  
  52  4:11  Drone  
  52  4:12  Drone x2  
  52  4:14  Queen  
  57  4:19  Overlord  
  57  4:22  Drone x3  
  59  4:39  Zergling x10  
  59  4:40  Zergling x2  
  59  4:45  Overlord  
  65  4:50  Overlord  
  65  4:56  Overlord  
  65  4:58  Zergling x2  
  66  5:03  Zergling x2  
  66  5:04  Zergling x4  
  69  5:10  Zergling x4  
  69  5:11  Zergling x4  
  72  5:19  Zergling x2  
  73  5:21  Hatchery  
  73  5:27  Hatchery  
  71  5:30  Zergling x4  
  71  5:34  Zergling x8  
  77  5:42  Zergling x6  
  80  5:44  Hatchery, Lair  
  80  5:48  Zergling x2  
  80  5:49  Zergling x2  
  75  5:57  Extractor  
  75  5:58  Drone  
  75  6:00  Drone x2  
  75  6:03  Zergling x4  
  79  6:08  Zergling x6  
  79  6:09  Zergling x2  
  82  6:11  Zergling x2  
  83  6:25  Overlord x2  
  83  6:30  Overlord  
  83  6:35  Extractor  
  83  6:36  Drone  
  83  6:38  Overlord  
  83  6:39  Queen  
  85  6:41  Drone  
  85  6:42  Extractor, Drone x3  
  85  6:44  Drone x2, Spire  
  89  6:47  Overlord  
  89  6:55  Drone x2  
  91  7:02  Drone  
  91  7:03  Drone x4  
  91  7:07  Spine Crawler, Zergling x2  
  91  7:08  Spine Crawler x3, Zergling x2  
  94  7:16  Zergling x2  
  94  7:17  Zergling x6  
Show
View Real Time Build Order
Export as new Build Order

Lambo Zerg - Winner!

Build Orders: Hatch First 

Get SALT Encoding   

  12  0:01  Drone  
  13  0:14  Overlord  
  13  0:19  Drone  
  14  0:33  Drone x2  
  16  0:48  Hatchery  
  15  0:52  Drone  
  15  0:55  Drone  
  17  0:59  Drone  
  18  1:09  Extractor  
  17  1:13  Spawning Pool  
  17  1:17  Drone  
  17  1:20  Drone  
  18  1:30  Drone  
  19  1:43  Drone  
  20  1:52  Overlord  
  20  2:00  Queen x2  
  24  2:08  Drone x2  
  26  2:11  Metabolic Boost  
  26  2:12  Drone  
  26  2:15  Drone  
  28  2:24  Drone x2  
  30  2:35  Hatchery  
  29  2:38  Drone  
  29  2:39  Drone  
  29  2:43  Drone  
  32  2:50  Overlord  
  32  2:56  Zergling x4  
  34  3:07  Evolution Chamber  
  34  3:08  Zergling x6  
  34  3:09  Zergling x4  
  34  3:11  Drone x2  
  34  3:12  Overlord  
  40  3:19  Drone  
  41  3:23  Drone  
  42  3:28  Queen  
  42  3:33  Zerg Missile Weapons Level 1  
  45  3:34  Drone  
  45  3:36  Drone  
  45  3:41  Drone x2  
  48  3:44  Drone x2  
  48  3:46  Drone  
  48  3:47  Drone x2  
  53  3:50  Drone x2  
  54  3:55  Drone  
  54  4:02  Roach Warren  
  53  4:03  Overlord  
  53  4:08  Extractor x2  
  52  4:10  Zergling x8  
  52  4:14  Zergling x2  
  52  4:16  Zergling x4  
  58  4:17  Overlord  
  58  4:18  Overlord  
  58  4:22  Overlord  
  58  4:27  Zergling x6  
  61  4:33  Zergling x2  
  61  4:34  Zergling x4  
  59  4:40  Queen  
  61  4:50  Overlord  
  61  4:57  Roach x7  
  75  5:01  Roach x2  
  79  5:09  Roach x3  
  85  5:16  Roach x3  
  85  5:20  Overlord  
  91  5:21  Roach  
  91  5:27  Overlord  
  93  5:29  Roach x2  
  93  5:35  Overlord  
  97  5:39  Ravager  
  97  5:43  Zergling x10  
  97  5:47  Zergling x2  
  101  5:55  Zergling x8  
  101  5:56  Baneling Nest  
  104  5:58  Roach  
  104  6:00  Roach  
  104  6:03  Roach  
  110  6:09  Roach x3  
  116  6:16  Roach x2  
  120  6:24  Roach  
  122  6:40  Baneling x3  
  122  6:41  Baneling x3  
  122  6:46  Baneling x8  
  122  6:50  Overlord  
  118  7:04  Zergling x8  
  118  7:05  Evolution Chamber, Overlord  
  118  7:07  Evolution Chamber  
  118  7:08  Overlord  
  120  7:11  Baneling x6  
Tags
 
Add a new tag
Caveats
  • Supply blocks, unpowered buildings, or Contaminate may cause inaccurate times.
  • Supply counts are checked every 10 seconds.